 Dungeon Crawl Stone Soup version 0.22.1-1-ga44c0e5 (webtiles) character file.

124443 stevemasterson the Executioner (level 16, -2/151 HPs)
             Began as a Minotaur Fighter on Nov 11, 2018.
             Was the Champion of Okawaru.
             Shot with a bolt by a yaktaur (10 damage)
             ... led by a yaktaur captain
             ... on level 1 of the Depths.
             The game lasted 02:01:02 (25623 turns).

stevemasterson the Executioner (Minotaur Fighter)  Turns: 25623, Time: 02:01:03

Health: -2/151     AC: 31    Str: 26    XL:     16   Next: 39%
Magic:  18/18      EV:  8    Int:  5    God:    Okawaru [******]
Gold:   854        SH:  6    Dex: 12    Spells: 15/15 levels left

rFire    . . .     SeeInvis +   b - +9 executioner's axe (elec) {The BumFucker}
rCold    . . .     Gourm    .   (shield currently unavailable)
rNeg     . . .     Faith    .   a - +3 crystal plate armour
rPois    +         Spirit   .   (helmet restricted)
rElec    .         Reflect  +   U - scarf {repulsion}
rCorr    .         Harm     .   A - +1 pair of gloves {archery}
MR       +....                  Y - +0 pair of boots
Stlth    ..........             c - +6 amulet of reflection
HPRegen  0.35/turn              P - ring of see invisible
MPRegen  0.16/turn              M - ring of poison resistance

@: repel missiles
A: retaliatory headbutt, horns 2
a: Heroism, Finesse, Renounce Religion


You were on level 1 of the Depths.
You worshipped Okawaru.
Okawaru was exalted by your worship.
You were very hungry.

You visited 6 branches of the dungeon, and saw 26 of its levels.
You also visited: Labyrinth.

You collected 1639 gold pieces.
You spent 785 gold pieces at shops.

Inventory:

Hand Weapons
 b - a +9 executioner's axe of electrocution (weapon) {The BumFucker}
 h - a +1 vampiric executioner's axe
 i - the +0 battleaxe "Spiderslayer" {speed, rF++ MR+ Str+4 Dex-2}
   (Okawaru gifted it to you on level 11 of the Dungeon)

   Attacks with this weapon are significantly faster.
   It affects your strength (+4).
   It affects your dexterity (-2).
   It greatly protects you from fire.
   It affects your resistance to hostile enchantments.
 n - the +3 hand axe of the Moons {chop, rN+ Str+3}
   (Okawaru gifted it to you on level 1 of the Depths)

   It inflicts extra damage upon your enemies.
   It affects your strength (+3).
   It protects you from negative energy.
 F - the +8 frozen axe "Frostbite" {freezing cloud, *Noise +Fly rC+}
   (Okawaru gifted it to you on level 6 of the Lair of Beasts)

   It has been specially enchanted to freeze those struck by it, causing extra
   injury to most foes and up to half again as much damage against particularly
   susceptible opponents.
   It can also slow down cold-blooded creatures.
   It protects you from cold.
   It lets you fly.
   It may make noises in combat.
 X - the +3 hunting sling of Watchfulness {speed, rPois rN+ SInv Stlth-, unknown}
   (Okawaru gifted it to you on level 4 of the Lair of Beasts)

   Attacks with this weapon are significantly faster.
   It protects you from poison.
   It protects you from negative energy.
   It lets you see invisible.
   It makes you less stealthy.
Armour
 a - a +3 crystal plate armour (worn)
 y - a scarf of cloud immunity
 A - a +1 pair of gloves of archery (worn)
 N - the +0 cloak of the True Pharaoh {rN+ Regen+}
   (Okawaru gifted it to you on level 3 of the Lair of Beasts)

   It protects you from negative energy.
   It increases your rate of regeneration.
 U - a scarf of repulsion (worn)
 Y - a +0 pair of boots (worn)
Jewellery
 c - a +6 amulet of reflection (around neck)
 o - an uncursed ring of positive energy
 t - an uncursed ring of resist corrosion {unknown}
 M - a ring of poison resistance (right hand)
 P - a ring of see invisible (left hand)
 Q - an uncursed ring of ice
 W - a +2 ring of intelligence
Wands
 g - a wand of paralysis (9)
 j - a wand of clouds (4)
 p - a wand of scattershot (5)
 C - a wand of enslavement (26)
 E - a wand of polymorph (16)
 H - a wand of digging (9)
 T - a wand of flame (54)
Scrolls
 d - 2 scrolls of random uselessness
 k - a scroll of fog
 m - a scroll of vulnerability
 q - 2 scrolls of magic mapping
 r - a scroll of amnesia
 I - 7 scrolls of remove curse
 J - 2 scrolls of immolation
 S - 6 scrolls of teleportation
 V - 2 scrolls of identify
 Z - a scroll of blinking
Potions
 e - 2 potions of flight
 s - 2 potions of degeneration {unknown}
 u - 8 potions of brilliance
 v - 3 potions of invisibility
 x - 4 potions of curing
 z - 3 potions of haste
 B - 4 potions of lignification
 G - a potion of resistance
 L - a potion of ambrosia {unknown}
 O - a potion of mutation {unknown}
 R - a potion of berserk rage {unknown}
Miscellaneous
 w - a fan of gales
 K - a phial of floods
Comestibles
 f - 16 rations


   Skills:
 + Level 16.1 Fighting
 + Level 23.1 Axes
 + Level 15.1 Armour
 + Level 4.4 Dodging
 + Level 2.3 Stealth
   Level 7.4 Shields
 + Level 4.1 Invocations
 + Level 1.8 Evocations


You had 15 spell levels left.
You didn't know any spells.
Your spell library contained the following spells:

 Spells                   Type           Power        Failure   Level  Hunger
 Sandblast                Erth           #.....       100%        1    ##.....
 Sting                    Conj/Pois      #...         100%        1    ##.....
 Passwall                 Tmut/Erth      #.......     100%        2    ###....
 Poisonous Vapours        Pois/Air       #.....       100%        2    ###....
 Ignite Poison            Fire/Tmut/Pois #.......     100%        3    ####...
 Mephitic Cloud           Conj/Pois/Air  #.......     100%        3    ####...
 Regeneration             Chrm/Necr      #.........   100%        3    ####...
 Stone Arrow              Conj/Erth      #.....       100%        3    ####...
 Leda's Liquefaction      Hex/Erth       #.........   100%        4    #####..
 Petrify                  Tmut/Erth      #.......     100%        4    #####..
 Summon Lightning Spire   Summ/Air       #.......     100%        4    #####..
 Agony                    Necr           #.......     100%        5    ######.
 Lee's Rapid Deconstruct  Erth           #.........   100%        5    ######.
 Silence                  Hex/Air        #.........   100%        5    ######.
 Venom Bolt               Conj/Pois      #.........   100%        5    ######.
 Conjure Ball Lightning   Conj/Air       #.........   100%        6    #######
 Death Channel            Necr           #.........   100%        6    #######
 Deflect Missiles         Chrm/Air       #.........   100%        6    #######
 Statue Form              Tmut/Erth      #........    100%        6    #######
 Tornado                  Air            #.........   100%        9    #######


Dungeon Overview and Level Annotations

Branches:
Dungeon (15/15)            Temple (1/1) D:4            Lair (6/6) D:10
  Swamp (1/4) Lair:3       Spider (0/4) Lair:4        Slime (0/5) Lair:6
    Orc (2/2) D:9          Vaults (0/5) D:14         Depths (1/5) D:15
    Elf: Orc:2

Altars:
Ashenzari
Cheibriados
Dithmenos
Elyvilon
Fedhas
Gozag
Hepliaklqana
Kikubaaqudgha
Makhleb
Nemelex Xobeh
Okawaru
Qazlal
Ru
Sif Muna
Trog
Uskayaw
Wu Jian
Xom
Yredelemnul
Zin
The Shining One
Beogh
Jiyva

Shops:
D:7 *   D:8 %%   D:12 *   D:14 }

Annotations:
Orc:2 Nessos


Innate Abilities, Weirdness & Mutations

You reflexively headbutt those who attack you in melee.
You have a pair of horns on your head.


Message History

You hear a shout!
You hit the tengu warrior.
The tengu warrior is severely wounded.
The tengu warrior hits you but does no damage.
You block the tengu warrior's attack. The tengu warrior barely misses you.
You carve the tengu warrior like a ham!!!
You kill the tengu warrior!
Okawaru accepts your kill. Something appears at your feet!
Okawaru grants you a weapon!
A yaktaur captain comes into view.
The yaktaur wields an arbalest.
The yaktaur shoots a bolt.
The bolt is repelled.
The yaktaur shoots a bolt.
The bolt hits you!
* * * LOW HITPOINT WARNING * * *
You see here a bolt.
The yaktaur shoots a bolt.
The bolt hits you but does no damage.
You hear a bark!
You see here a bolt.
The yaktaur shoots a bolt.
The bolt hits you!
You die...

## #.......................§
#.###.......................§
#..##........................
#...#.................#####..
#....................# ###
#....................#
###......(............#
#.##..................#
#..##......(@.........
#...##....(.#######.
#....##..(†## #....##.).#
#....#.c.# ##...#c..#
##......# #...c..# #......##


You could see a yaktaur captain and 2 yaktaurs.

Vanquished Creatures
  Rupert (D:14)
  Frances (D:14)
  The ghost of anacleto the Sorcerer, an adept DEEE of Sif Muna (D:13)
  4 very ugly things (Depths:1)
  Louise (D:14)
  Azrael (D:14)
  A minotaur (Lab)
  6 dire elephants (Lair:6)
  An ettin (Orc:1)
  Snorg (D:11)
  A great orb of eyes (Depths:1)
  2 jiangshi (Depths:1)
  A fire dragon (Depths:1)
  Erolcha (Orc:1)
  8 vault guards (D:14)
  5 hydras
  Fannar (Lair:3)
  Harold (D:8)
  A rakshasa (Depths:1)
  An anaconda (Lair:6)
  Erica (Lair:1)
  A centaur warrior (D:13)
  10 two-headed ogres
  4 death yaks (Lair:6)
  An alligator (Swamp:1)
  2 tengu warriors
  2 deep troll earth magi (Depths:1)
  An ogre mage (D:15)
  A vampire mage (Depths:1)
  5 hell knights (Depths:1)
  6 deep trolls (Depths:1)
  A skeletal warrior (D:15)
  A golden dragon zombie (D:15)
  An unseen horror (D:9)
  Pikel (D:5)
  The ghost of tehofadaz the Nimble, a novice OpMo of Elyvilon (D:6)
  A sphinx zombie (D:15)
  3 orc knights
  A phantasmal warrior (D:15)
  2 necromancers
  2 deep elf magi (D:15)
  17 ugly things
  A frost giant zombie (D:15)
  5 cyclopes
  A manticore (D:14)
  12 elephants
  3 centaur zombies
  2 black mambas
  A molten gargoyle (Lair:4)
  6 centaur skeletons
  17 spiny frogs
  A kobold demonologist (D:15)
  9 komodo dragons
  2 rime drakes
  A freezing wraith (D:12)
  A guardian mummy (D:15)
  A jumping spider (Lair:4)
  10 trolls
  6 hornets
  2 wind drakes (shapeshifter)
  A merfolk (D:11)
  A polar bear (Lair:4)
  16 blink frogs
  18 slime creatures
  Prince Ribbit (D:7)
  A spriggan zombie (D:15)
  6 hippogriffs
  21 dream sheep
  A meliai zombie (D:12)
  3 shadows
  3 water elementals (D:11)
  2 wraiths
  A spriggan (Swamp:1)
  6 wyverns
  A human (D:5)
  25 yaks
  3 fire elementals (D:14)
  3 hogs (D:11)
  5 hungry ghosts
  2 basilisks
  3 vampire mosquitoes (D:12)
  2 soldier ants
  4 wargs (D:14)
  3 swamp worms (Swamp:1)
  16 water moccasins
  4 hell hounds (D:14)
  4 porcupines
  4 sky beasts
  3 necrophages
  14 orc warriors
  A swamp drake (Swamp:1)
  2 ice beasts
  2 slaves (D:5)
  An eye of draining (D:11)
  6 ogres
  7 black bears
  4 phantoms
  A centaur (D:9)
  5 wolves (Lair:1)
  9 crocodiles
  4 big kobolds
  19 bullfrogs
  A wyvern zombie (D:13)
  4 gnoll sergeants (D:11)
  A water moccasin zombie (D:8)
  3 scorpions
  3 wights (D:12)
  26 killer bees
  3 spriggan skeletons (Lab)
  4 howler monkeys
  A troll skeleton (Lab)
  7 electric eels
  6 crimson imps
  11 jellies
  2 quasits
  4 bullfrog zombies
  3 hounds
  5 orc priests
  13 orc wizards
  2 bullfrog skeletons (D:10)
  A human skeleton (D:5)
  6 worker ants
  6 iguanas
  2 hound skeletons
  2 howler monkey zombies
  A worker ant zombie (D:6)
  5 gnolls
  2 howler monkey skeletons
  13 adders
  4 shadow imps
  9 oozes
  An adder skeleton (D:8)
  2 worms
  A dart slug (D:1)
  5 leopard geckos
  33 orcs
  3 bats (D:1)
  6 giant cockroaches
  4 goblins
  8 hobgoblins
  8 jackals
  4 quokkas
  2 ball pythons (D:1)
  3 frilled lizards
  A goblin skeleton (D:5)
  A jackal skeleton (D:5)
  29 kobolds
  A leopard gecko zombie (D:5)
  4 rats
  A butterfly (Lair:3)
  3 fungi
  30 plants
  4 withered plants
728 creatures vanquished.

Vanquished Creatures (others)
  A deep troll (Depths:1)
  A slave (D:8)
  An orc priest (D:8)
  4 fungi
  3 plants
10 creatures vanquished.

Grand Total: 738 creatures vanquished

Notes
Turn   | Place    | Note
-------+----------+-------------------------------------------
     0 | D:1      | stevemasterson the Minotaur Fighter began the quest for the
                  | Orb.
     0 | D:1      | Reached XP level 1. HP: 19/19 MP: 0/0
   193 | D:1      | Reached XP level 2. HP: 27/27 MP: 1/1
   694 | D:2      | Reached XP level 3. HP: 33/33 MP: 2/2
  1006 | D:2      | Found an iron altar of Okawaru.
  1019 | D:2      | Became a worshipper of Warmaster Okawaru
  1094 | D:2      | Reached skill level 3 in Axes
  1235 | D:2      | Found a faded altar of an unknown god.
  1489 | D:3      | Reached XP level 4. HP: 26/40 MP: 3/3
  2116 | D:4      | Reached skill level 4 in Axes
  2117 | D:4      | Reached XP level 5. HP: 29/46 MP: 4/4
  2251 | D:4      | Noticed an ogre
  2257 | D:4      | Killed an ogre
  2257 | D:4      | Reached skill level 5 in Armour
  2314 | D:4      | Found a snail-covered altar of Cheibriados.
  2362 | D:4      | Found an iron altar of Okawaru.
  2464 | D:4      | Reached skill level 5 in Axes
  2464 | D:4      | Reached skill level 1 in Dodging
  2464 | D:4      | Reached XP level 6. HP: 42/53 MP: 5/5
  2526 | D:4      | Found a staircase to the Ecumenical Temple.
  2532 | Temple   | Entered the Ecumenical Temple
  2834 | D:4      | Found a white marble altar of Elyvilon.
  3245 | D:5      | Entered Level 5 of the Dungeon
  3252 | D:5      | Reached * piety under Okawaru
  3276 | D:5      | Found a runed door.
  3276 | D:5      | Noticed a human
  3279 | D:5      | Found a basalt altar of Yredelemnul.
  3314 | D:5      | Killed a human
  3314 | D:5      | Reached skill level 5 in Shields
  3314 | D:5      | Reached XP level 7. HP: 37/60 MP: 6/6
  3486 | D:5      | Reached skill level 6 in Axes
  3531 | D:5      | Noticed Pikel
  3547 | D:5      | Killed Pikel
  3547 | D:5      | Reached skill level 5 in Fighting
  3547 | D:5      | Reached skill level 7 in Axes
  3547 | D:5      | Reached skill level 1 in Stealth
  3547 | D:5      | Reached XP level 8. HP: 8/68 MP: 5/7
  3591 | D:5      | HP: 3/68 [poisoned by an orc]
  3597 | D:5      | HP: 3/68 [poisoned by an orc]
  3605 | D:5      | HP: 2/68 [poisoned by an orc]
  4080 | D:5      | Found a bloodstained altar of Trog.
  4764 | D:6      | Found a runed door.
  4764 | D:6      | Noticed tehofadaz's ghost (novice OpMo)
  4792 | D:6      | Killed tehofadaz's ghost
  4792 | D:6      | Reached ** piety under Okawaru
  4792 | D:6      | Reached skill level 8 in Axes
  5159 | D:6      | Reached skill level 9 in Axes
  5394 | D:7      | Noticed a hippogriff
  5400 | D:7      | Killed a hippogriff
  5400 | D:7      | Reached *** piety under Okawaru
  5400 | D:7      | Reached skill level 1 in Invocations
  5400 | D:7      | Reached XP level 9. HP: 73/75 MP: 8/8
  5582 | D:7      | Noticed Prince Ribbit
  5607 | D:7      | Killed Prince Ribbit
  5809 | D:7      | Reached skill level 10 in Axes
  5965 | D:7      | Found Qekauta's General Store.
  6267 | D:7      | Identified a scroll of acquirement
  6349 | D:8      | Noticed Harold
  6365 | D:8      | Killed Harold
  6365 | D:8      | Reached **** piety under Okawaru
  6366 | D:8      | Noticed a troll
  6645 | D:8      | Killed a troll
  6651 | D:8      | Found Enkil's Food Emporium.
  6659 | D:8      | Bought a ration for 55 gold pieces
  6694 | D:8      | Reached skill level 11 in Axes
  7099 | D:8      | Found Vauclugu's Food Boutique.
  7225 | D:8      | Reached XP level 10. HP: 79/86 MP: 8/10
  7609 | D:8      | Found a shimmering altar of Xom.
  8492 | D:9      | Killed an unseen horror
  8621 | D:9      | Found a staircase to the Orcish Mines.
  8656 | D:9      | Reached skill level 12 in Axes
  8693 | D:9      | Noticed a two-headed ogre
  8703 | D:9      | Killed a two-headed ogre
  8703 | D:9      | Reached ***** piety under Okawaru
  8703 | D:9      | Reached skill level 10 in Armour
  9193 | Orc:1    | Entered Level 1 of the Orcish Mines
  9196 | Orc:1    | Noticed an ettin
  9203 | Orc:1    | Killed an ettin
  9203 | Orc:1    | Reached XP level 11. HP: 24/97 MP: 8/11
  9514 | Orc:1    | Noticed Erolcha
  9521 | Orc:1    | Killed Erolcha
  9521 | Orc:1    | Reached skill level 13 in Axes
  9636 | Orc:1    | Noticed an orc knight
  9642 | Orc:1    | Killed an orc knight
  9642 | Orc:1    | Received a gift from Okawaru
  9827 | Orc:1    | Found a roughly hewn altar of Beogh.
  9951 | Orc:2    | Entered Level 2 of the Orcish Mines
  9951 | Orc:2    | Noticed Nessos
 10117 | D:10     | Entered Level 10 of the Dungeon
 10246 | D:10     | Found a staircase to the Lair.
 10795 | D:10     | Reached skill level 14 in Axes
 10924 | Lair:1   | Entered Level 1 of the Lair of Beasts
 11406 | Lair:1   | Noticed Erica
 11410 | Lair:1   | Killed Erica
 11410 | Lair:1   | Reached skill level 10 in Fighting
 11503 | Lair:2   | Found a labyrinth entrance.
 11512 | Lab      | Entered a labyrinth
 11869 | Lab      | Reached skill level 15 in Axes
 12150 | Lab      | Noticed a minotaur
 12176 | Lab      | Killed a minotaur
 12455 | Lab      | Identified the Guide on Earth and Sinister Secrets
 12604 | Lair:2   | Reached XP level 12. HP: 86/106 MP: 13/13
 12789 | Lair:2   | Found an iron altar of Okawaru.
 12917 | Lair:3   | Received a gift from Okawaru
 12936 | Lair:3   | Got an ancient cloak {god gift}
 13251 | Lair:3   | Identified the +0 cloak of the True Pharaoh {rN+ Regen+}
                  | (Okawaru gifted it to you on level 3 of the Lair of Beasts)
 13278 | Lair:3   | Found a staircase to the Swamp.
 13463 | Lair:3   | Reached skill level 16 in Axes
 13472 | Lair:3   | Noticed Fannar
 13489 | Lair:3   | Killed Fannar
 13661 | Swamp:1  | Entered Level 1 of the Swamp
 13795 | Swamp:1  | Noticed an alligator
 13801 | Swamp:1  | Killed an alligator
 14474 | Lair:4   | Received a gift from Okawaru
 14474 | Lair:4   | Reached skill level 17 in Axes
 14593 | Lair:4   | Got a smoking hunting sling {god gift}
 14820 | Lair:4   | Reached XP level 13. HP: 75/117 MP: 11/14
 15185 | Lair:4   | Found a hole to the Spider Nest.
 15311 | Lair:5   | Received a gift from Okawaru
 15843 | Lair:6   | Entered Level 6 of the Lair of Beasts
 15843 | Lair:6   | Found a frozen archway.
 15848 | Lair:6   | Reached skill level 18 in Axes
 16126 | Lair:6   | Found a runed door.
 16126 | Lair:6   | Found a viscous altar of Jiyva.
 16127 | Lair:6   | Found a staircase to the Slime Pits.
 16466 | Lair:6   | Received a gift from Okawaru
 16466 | Lair:6   | Reached ****** piety under Okawaru
 16475 | Lair:6   | Noticed a dire elephant
 16488 | Lair:6   | Killed a dire elephant
 16488 | Lair:6   | Reached skill level 19 in Axes
 16546 | Lair:6   | Noticed a dire elephant
 16546 | Lair:6   | Noticed a dire elephant
 16561 | Lair:6   | Killed a dire elephant
 16565 | Lair:6   | Killed a dire elephant
 16565 | Lair:6   | Reached XP level 14. HP: 71/129 MP: 15/15
 16747 | Lair:6   | Reached skill level 1 in Evocations
 17190 | Lair:6   | Received a gift from Okawaru
 17191 | Lair:6   | Found the +8 frozen axe "Frostbite" {freezing cloud, *Noise
                  | +Fly rC+}
 18298 | D:11     | Noticed Snorg
 18314 | D:11     | Killed Snorg
 18802 | D:11     | Received a gift from Okawaru
 18808 | D:11     | Got a translucent battleaxe {god gift}
 18816 | D:11     | Identified the +0 battleaxe "Spiderslayer" {speed, rF++ MR+
                  | Str+4 Dex-2} (Okawaru gifted it to you on level 11 of the
                  | Dungeon)
 18874 | D:11     | Reached skill level 20 in Axes
 19015 | D:11     | Found a snail-covered altar of Cheibriados.
 19228 | D:11     | HP: 3/130 [water elemental (9)]
 20354 | D:12     | Found Somaqasm's Serpentskin Sales.
 20367 | D:12     | Bought Sif Muna's Handbook of Envenoming for 730 gold
                  | pieces
 20573 | D:13     | Received a gift from Okawaru
 20675 | D:13     | Found a runed door.
 20679 | D:13     | Noticed anacleto's ghost (adept DEEE)
 20680 | D:13     | Found the +3 hat of Pondering {ponderous, MR+ MP+10 Int+5}
 20725 | D:13     | Killed anacleto's ghost
 21422 | D:14     | Reached XP level 15. HP: 138/138 MP: 17/17
 21459 | D:14     | Found a gate to the Vaults.
 21463 | D:14     | Reached skill level 21 in Axes
 21579 | D:14     | Noticed Frances
 21594 | D:14     | Killed Frances
 21817 | D:14     | Found an ornate altar of the Wu Jian Council.
 21831 | D:14     | Noticed Louise
 21846 | D:14     | Killed Louise
 21945 | D:14     | Found Xiahod's Gadget Boutique.
 21970 | D:14     | Received a gift from Okawaru
 21975 | D:14     | Noticed Azrael
 21982 | D:14     | Killed Azrael
 22297 | D:14     | Noticed Rupert
 22305 | D:14     | Killed Rupert
 23056 | D:14     | Found an ancient bone altar of Kikubaaqudgha.
 23060 | D:14     | Reached skill level 15 in Fighting
 23112 | D:15     | Entered Level 15 of the Dungeon
 23142 | D:15     | Found a shattered altar of Ashenzari.
 23244 | D:15     | Reached skill level 22 in Axes
 23326 | D:15     | Found a staircase to the Depths.
 23342 | D:15     | Found a shadowy altar of Dithmenos.
 23404 | D:15     | Received a gift from Okawaru
 24636 | Depths:1 | Entered Level 1 of the Depths
 24668 | Depths:1 | Reached XP level 16. HP: 96/149 MP: 18/18
 24676 | Depths:1 | Reached skill level 15 in Armour
 25242 | Depths:1 | Received a gift from Okawaru
 25494 | Depths:1 | Got a shimmering hand axe {god gift}
 25514 | Depths:1 | Identified the +3 hand axe of the Moons {chop, rN+ Str+3}
                  | (Okawaru gifted it to you on level 1 of the Depths)
 25537 | Depths:1 | Paralysed by a great orb of eyes for 2 turns
 25591 | Depths:1 | Reached skill level 23 in Axes
 25620 | Depths:1 | Received a gift from Okawaru
 25620 | Depths:1 | HP: 7/151 [yaktaur/bolt[a yaktaur captain] (9)]
 25623 | Depths:1 | Shot with a bolt by a yaktaur

Skill      XL: |  1  2  3  4  5  6  7  8  9 10 11 12 13 14 15 16 |
---------------+-------------------------------------------------+-----
Shields        | 4 5 6 7 |  7.4
Fighting       | 4 5 6 7 9 10 11 13 14 15 16 | 16.1
Armour         | 4 5 6 7 9 10 11 12 13 14 15 | 15.1
Axes           | 3 4 5 7 9 11 12 15 17 19 20 22 23 | 23.1
Dodging        | 1 2 3 4 |  4.4
Stealth        | 1 2 |  2.3
Invocations    | 1 2 3 4 |  4.1
Evocations     | 1 |  1.8

Action                   |  1- 3 |  4- 6 |  7- 9 | 10-12 | 13-15 | 16-18 || total
-------------------------+-------+-------+-------+-------+-------+-------++-------
Melee: War axe           |   132 |    93 |   151 |       |       |       ||   376
       Headbutt          |    24 |    19 |    29 |    63 |   172 |    23 ||   330
       Executioner's axe |       |       |    36 |   412 |   817 |    75 ||  1340
       Battleaxe         |       |       |       |       |     3 |       ||     3
Invok: Heroism           |       |       |    10 |    19 |    16 |     1 ||    46
       Finesse           |       |       |       |     2 |       |       ||     2
Evoke: Wand              |       |       |       |     1 |    24 |       ||    25
  Use: Scroll            |     3 |     2 |     6 |    19 |    16 |     2 ||    48
       Potion            |       |     1 |     5 |     2 |     7 |       ||    15
 Stab: Invisible         |       |       |     2 |       |       |       ||     2
  Eat: Ration            |     1 |     1 |     4 |     7 |     9 |       ||    22
       Chunk             |       |     2 |       |     2 |     5 |       ||     9
Armor: Scale mail        |    48 |    23 |    11 |       |       |       ||    82
       Chain mail        |       |       |    64 |   160 |       |       ||   224
       Plate armour      |       |       |       |    77 |    24 |       ||   101
       Crystal plate arm |       |       |       |       |   585 |    64 ||   649
       Skin              |       |       |       |       |     4 |       ||     4
Dodge: Dodged            |    17 |    29 |    61 |   218 |   234 |    32 ||   591
       Deflected         |       |       |       |       |     2 |     2 ||     4
Block: Shield            |    56 |    45 |    90 |       |       |       ||   191
       Other             |       |       |       |    35 |   195 |    15 ||   245
       Reflection        |       |       |       |       |     5 |       ||     5
